 Dungeon Crawl Stone Soup version 0.30.0-11-gf55b779eaf (webtiles) character file.

Game seed: 14503883017521145749

191 jasper the Sneak (level 5, -1/25 HPs)
             Began as a Spriggan Artificer on May 16, 2023.
             Slain by a phantom (5 damage)
             ... on level 4 of the Dungeon.
             The game lasted 00:03:42 (2664 turns).

jasper the Sneak (Spriggan Artificer)               Turns: 2664, Time: 00:03:43

Health: -1/25      AC:  2    Str: 14    XL:     5   Next: 41%
Magic:  6/6        EV: 17    Int: 15    God:
Gold:   192        SH:  0    Dex: 15    Spells: 4/4 levels left

rFire   . . .        t - +1 dagger (speed)
rCold   . . .        (no shield)
rNeg    + . .        b - +0 robe
rPois   .            (helmet restricted)
rElec   .            (no cloak)
rCorr   .            (gloves unavailable)
SInv    +            (boots unavailable)
Will    .....        (no amulet)
Stlth   +++          i - +6 ring of strength
HPRegen 0.24/turn    q - ring of positive energy
MPRegen 0.10/turn

%: no passive effects
@: very quick
A: very small, no large weapons, unfitting armour, see invisible, speed 3
a: no special abilities


You were on level 4 of the Dungeon.
You visited 1 branch of the dungeon, and saw 4 of its levels.

You collected 192 gold pieces.

Inventory:

Hand Weapons
 a - a +0 club
 f - a +1 dagger of venom
 k - a +0 short sword
 n - a +2 dagger of draining
 o - a +1 sling of freezing
 t - a +1 dagger of speed (weapon)
Missiles
 j - a throwing net
 l - 4 poisoned darts
Armour
 b - a +0 robe (worn)
Jewellery
 i - a +6 ring of strength (left hand)
 q - a ring of positive energy (right hand)
Wands
 c - a wand of flame (7) (quivered)
 d - a wand of charming (14)
 e - a wand of iceblast (1)
Scrolls
 m - a scroll of identify
 r - a scroll of vulnerability {unknown}
 u - a scroll of magic mapping
Potions
 g - a potion of magic
 h - 2 potions of lignification
 p - a potion of curing {unknown}


   Skills:
 - Level 0.7 Fighting
 - Level 3.2 Dodging
 + Level 6.7 Stealth
 - Level 6.0 Evocations


You had 4 spell levels left.
You didn't know any spells.
Your spell library contained the following spells:

 Spells                   Type           Power      Damage    Failure   Level
 Cigotuvi's Dreadful Rot  Necr/Pois/Air  0%         N/A       38%         2
 Ignite Poison            Fire/Tmut/Pois 0%         N/A       63%         3
 Ozocubu's Armour         Ice            0%         N/A       63%         3
 Cause Fear               Hex            0%         N/A       95%         4
 Sticky Flame             Conj/Fire      0%         2d3       95%         4
 Freezing Cloud           Conj/Ice/Air   0%         6-21      100%        5
 Dragon Form              Tmut           0%         N/A       100%        7
 Ozocubu's Refrigeration  Ice            0%         4d7       100%        7
 Ignition                 Fire           0%         3d3       100%        8
 Dragon's Call            Summ           0%         N/A       100%        9


Dungeon Overview and Level Annotations

Branches:
Dungeon (4/15)
 Temple: D:4-7

Altars:


Innate Abilities, Weirdness & Mutations

You are very small and have problems with some larger weapons.
You are too small for most types of armour.
You have supernaturally acute eyesight. (SInv)
You cover ground extremely quickly. (Speed+++)


Message History

You hit the phantom.
The phantom is heavily damaged.
The phantom hits you.
The phantom blinks!
You blink.
Found a ring mail.
You take 5 damage, and have 10/25 hp.
You hit the phantom but do no damage.
The phantom is heavily damaged.
You hit the phantom.
The phantom is heavily damaged.
The phantom misses you.
You barely miss the phantom.
The phantom is heavily damaged.
The phantom misses you.
You barely miss the phantom.
The phantom is heavily damaged.
The phantom hits you.
The phantom blinks!
You blink.
You take 2 damage, and have 8/25 hp.
You closely miss the phantom.
The phantom is heavily damaged.
You hit the phantom.
The phantom is severely damaged.
The phantom closely misses you.
You hit the phantom.
The phantom is severely damaged.
The phantom hits you but does no damage.
You barely miss the phantom.
The phantom is severely damaged.
You hit the phantom.
You punch the phantom, but do no damage.
The phantom is severely damaged.
The phantom hits you.
* * * LOW HITPOINT WARNING * * *
The phantom blinks!
You blink.
You take 5 damage, and have 4/25 hp.
Aiming: Throw Flame
Press: ? - help, Shift-Dir - straight line, f/p - phantom
Aim: a phantom (severely damaged, 64% to hit)
The puff of flame hits the phantom.
The phantom is almost destroyed.
The phantom hits you.
You die...

####...#### .. # #.# #!
#.# #.#### #.#
####...§## #.#
.)......§# ##.##
######@.####...########
##..W...?.#.....>.(.
#.....###...#######.
#.###.# ###.##......
#.. #.# #......#.† #..
#.# ####.#.... #.. ...
#### #.#.... ...
.##.#..~ #.#.... ..[.
.#~.#.~~ #.#.#..


You could see a phantom.

Vanquished Creatures
  2 hounds (D:4)
  Natasha (D:4)
  2 gnolls (D:3)
  3 adders
  3 dart slugs
  2 orcs (D:3)
  3 endoplasms
  3 giant cockroaches
  7 goblins
  4 hobgoblins
  4 jackals (D:1)
  4 ball pythons
  2 bats
  2 frilled lizards
  3 kobolds
  3 rats
48 creatures vanquished.

Vanquished Creatures (others)
  A gnoll (D:3)
1 creature vanquished.

Grand Total: 49 creatures vanquished

Notes
Turn   | Place    | Note
-------+----------+-------------------------------------------
     0 | D:1      | jasper the Spriggan Artificer began the quest for the Orb.
     0 | D:1      | Reached XP level 1. HP: 9/9 MP: 2/2
   296 | D:1      | Reached XP level 2. HP: 14/14 MP: 3/3
   317 | D:1      | Reached skill level 5 in Evocations
   786 | D:1      | Reached XP level 3. HP: 14/17 MP: 4/4
  1623 | D:3      | Reached XP level 4. HP: 21/21 MP: 5/5
  2308 | D:4      | Reached skill level 5 in Stealth
  2500 | D:4      | Reached XP level 5. HP: 13/25 MP: 6/6
  2529 | D:4      | Noticed Natasha
  2542 | D:4      | Killed Natasha
  2634 | D:4      | Noticed a phantom
  2664 | D:4      | Slain by a phantom

Illustrated notes

Levels and vault maps discovered:
D:1:      psy_arrival_basics, layout_basic
D:2:      layout_rooms
D:3:      layout_loops_ring, minmay_misc_feat_room
D:4:      layout_loops_ring, chequers_serial_rivers_marsh, uniq_grinder,
          uniq_crazy_yiuf_cottage, uniq_natasha

Skill      XL: |  1  2  3  4 |
---------------+-------------+-----
Evocations     | 5 6 |  6.0
Stealth        | 3 6 |  6.7
Fighting       | |  0.7
Dodging        | |  3.2

Action                     |  1- 3 |  4- 6 || total
---------------------------+-------+-------++-------
  Melee: Dagger            |    86 |    56 ||   142
         Club              |     2 |       ||     2
         Punch             |     2 |     1 ||     3
   Fire: Sling             |    11 |    24 ||    35
  Evoke: Wand              |    11 |     2 ||    13
    Use: Scroll            |     1 |     7 ||     8
         Potion            |     1 |     1 ||     2
   Stab: Sleeping          |     1 |     1 ||     2
 Armour: Robe              |     4 |     7 ||    11
  Dodge: Dodged            |    75 |    40 ||   115
